Please-No-Die, chaotic male vampiric Wizard ---- --..| - |.<.-- . |..^.---.- ---........| --.........-- - |...---...-- . |-..| |...-- -.--...---....-- -- |...-.............| --..@f...........| -...H............-- |.---.*............| -- ---...........-- ---.|.......| ---->.--.-- --- -- Please-No-Die the Thaumaturge Experience level: 8 Strength: 11 Dexterity: 11 Constitution: 13 Intelligence: 17 Wisdom: 13 Charisma: 11 Health: 0(54) Energy: 91(91) AC: 8 Gold: 365 Moves: 3099 Your Inventory: Coins $ - 365 gold pieces Weapons a - a blessed +1 quarterstaff (weapon in hands) y - an [uncursed +0] runed dagger [elven] S - 4 blessed [+2] darts T - 21 uncursed [+0] darts (in quiver) Armor b - an uncursed +0 cloak of magic resistance (being worn) q - an [uncursed +0] robe O - an uncursed [+0] mummy wrapping Q - an uncursed +0 pair of leather gloves (being worn) Comestibles o - 3 [uncursed] food rations N - an [uncursed] orange Scrolls i - an uncursed scroll of destroy armor j - an uncursed scroll of identify k - an uncursed scroll of light r - an [uncursed] scroll labeled DAIYEN FOOELS [of enchant weapon] x - an [uncursed] scroll labeled YUM YUM [of magic mapping] J - an [uncursed] scroll labeled GHOTI [of flood] R - 3 [uncursed] unlabeled scrolls [of blank paper] X - a [blessed] unlabeled scroll [of blank paper] Spellbooks l - a blessed spellbook of force bolt m - an uncursed spellbook of identify n - an [uncursed] dog eared spellbook [of slow monster] Potions f - an uncursed potion of speed h - a blessed potion of see invisible p - an [uncursed] sky blue potion [of acid] U - an [uncursed] orange potion [of restore ability] Rings d - an uncursed ring of conflict e - an uncursed ring of shock resistance w - a [cursed -2] opal ring [of gain strength] C - an [uncursed] platinum ring [of sustain ability] Wands c - an uncursed wand of fire (0:5) u - an [uncursed] black wand [of cancellation (0:3)] Tools z - an [uncursed] expensive camera [0:62] H - 3 [uncursed tallow] candles V - an [uncursed] lock pick W - an [uncursed] leash Y - an [uncursed] key [skeleton key] Gems s - 2 [uncursed] yellowish brown gems [worthless glass] v - 2 [uncursed] orange gems [worthless glass] A - an [uncursed] black gem [worthless glass] B - an [uncursed] violet gem [worthless glass] I - an [uncursed] violet gem [worthless glass] L - 2 [uncursed] red gems [worthless glass] Spells known in the end: Name Level Category Fail Memory a - force bolt 1 attack 0% [|||||||.] b - identify 3 divination 85% [|||||||.] Your skills at the end: Fighting Skills Weapon Skills quarterstaff [Basic / Expert] Spellcasting Skills attack spells [Basic / Expert] enchantment spells [Basic / Skilled] Final Attributes: You were piously aligned. Hunger level was 765. Your alignment was 25 / 25. Monster difficulty range was 1 - 8. Level difficulty was 8. You were immune to level-drain. You were magic-protected. You could fly. You could survive without air. You regenerated. Your luck was zero. You are dead. Vanquished creatures: 2 small mimics 2 watchmen a brown pudding a dog a gnome mummy a snake a fire ant a wood nymph a rock piercer a rock mole a yellow light 9 gnome lords 2 gnomish wizards 2 paper golems a wax golem 10 dwarves 4 orc zombies 3 killer bees a gas spore 2 hobbits 5 giant rats 35 gnomes 4 geckos 2 jackals 4 grid bugs 2 bats 4 kobold zombies a newt 104 creatures vanquished. Voluntary challenges: You used a wielded weapon 79 times. You read items or engraved 2 times. You put on armor 2 times. You never genocided any monsters. You never polymorphed an object. You never changed form. You used no wishes. You never wrote Elbereth's name. You never encountered a bones level. You never used any Sokoban shortcuts. Dungeon overview: The Dungeons of Doom: levels 1 to 4 Level 1 some fountains, a sink a long staircase Level 3 a general store, some fountains Level 4 some fountains stairs to The Gnomish Mines The Gnomish Mines: levels 5 to 8 Level 5 stairs to The Dungeons of Doom Level 7 some shops, a temple, a magic chest, some fountains Level 8 <- You were here History has recorded: On T:1 you entered the Dungeons of Doom to retrieve the Amulet of Yendor! On T:212 you reached level 2 of The Dungeons of Doom. On T:582 you reached level 3 of The Dungeons of Doom. On T:791 you advanced to experience level 2. On T:831 you advanced to experience level 3. On T:844 you advanced to experience level 4. On T:939 you reached level 4 of The Dungeons of Doom. On T:1046 you advanced to experience level 5. On T:1276 you reached level 1 of The Gnomish Mines. On T:1329 you advanced to experience level 6. On T:1895 you reached level 2 of The Gnomish Mines. On T:2210 you advanced to experience level 7. On T:2330 you reached level 3 of The Gnomish Mines. On T:3060 you reached level 4 of The Gnomish Mines. On T:3069 you advanced to experience level 8. Latest messages: You miss the dwarf. Puss misses the dwarf. (3x) You miss the dwarf. You bite the dwarf. Puss misses the dwarf. (2x) You miss the dwarf. You bite the dwarf. You kill the dwarf! Puss eats a dwarf corpse. A trap door in the ceiling opens and a rock falls on your head! [HP-7=47] [HP+1=48] [HP+1=49] You hit the minotaur. You miss the minotaur. The minotaur hits! (2x) The minotaur butts! [HP-42=7] [HP+1=8] The minotaur hits! You die... Final status: Goodbye Please-No-Die the Wizard... You died in The Gnomish Mines on dungeon level 8 with 3183 points, and 365 pieces of gold, after 3099 moves. You were level 8 with a maximum of 54 hit points when you died.